 Dungeon Sprint DCSS version 0.16-a0-4008-gc88e425 (webtiles) character file.

4 PolkaDot the Twirler (level 1, 0/18 HPs)
             Began as a Draconian Gladiator on Feb 16, 2015.
             Was an Initiate of Qazlal.
             Slain by a river rat (4 damage)
             ... in the Dungeon (Sprint VII: "The Pits").
             The game lasted 00:00:44 (99 turns).

PolkaDot the Twirler (Draconian Gladiator)            Turns: 99, Time: 00:00:44

Health: 0/18       AC:  4    Str: 17    XL:     1   Next: 50%
Magic:  1/1        EV: 12    Int:  8    God:    Qazlal [......]
Gold:   0          SH:  0    Dex: 11    Spells: 0 memorised, 0 levels left

rFire  . . .     SeeInvis .     q - +2 quarterstaff
rCold  . . .     Clarity  .     (armour unavailable)
rNeg   . . .     SustAb   .     (no shield)
rPois  .         Gourm    .     c - +0 hat
rElec  .         Spirit   .     (no cloak)
rCorr  .         Warding  .     (no gloves)
rMut   .         NoTele   +     (no boots)
MR     .....                    (no amulet)
Stlth  +.........               (no ring)
                                (no ring)

@: not resistant to hostile enchantments, very unstealthy
A: unfitting armour, cold-blooded, AC +4
a: Renounce Religion


You were in the Dungeon.
You worshipped Qazlal.
Qazlal was noncommittal.
You were not hungry.

You visited 1 branch

Inventory:

Hand weapons
 q - a +2 quarterstaff (weapon)
Missiles
 d - 3 throwing nets (quivered)
Armour
 c - a +0 hat (worn)
Scrolls
 k - a scroll of blinking
 n - 3 scrolls of remove curse
 o - 5 scrolls of amnesia
 p - a scroll of summoning
Potions
 e - a potion of curing
 g - a potion of heal wounds
 h - a potion of haste
 i - 4 potions of magic
 j - 3 potions of berserk rage
 m - 2 potions of invisibility
Comestibles
 a - 3 chunks of flesh
 b - 40 fruits
 f - 8 bread rations
 l - 7 meat rations


   Skills:
 + Level 2.6 Fighting
 * Level 3.8 Staves
 - Level 1.7 Throwing
 + Level 3.0 Dodging


You couldn't memorise any spells.
You didn't know any spells.

Dungeon Overview and Level Annotations

Branches:
Dungeon (1/1)

Altars:
Ashenzari
Cheibriados
Dithmenos
Elyvilon
Fedhas
Gozag
Kikubaaqudgha
Makhleb
Nemelex Xobeh
Okawaru
Qazlal
Ru
Sif Muna
Trog
Vehumet
Xom
Yredelemnul
Zin
The Shining One
Beogh
Jiyva
Lugonu


Innate Abilities, Weirdness & Mutations

Your plain brown scales are hard (AC +4).
Your body does not fit into most forms of armour.
Your cold-blooded metabolism reacts poorly to cold.


Message History

The giant eyeball turns its gaze towards you.
The river rat bites you but does no damage.
There is an open door here.
The river rat misses you. The river rat bites you.
There is an open door here.
You closely miss the river rat.
You tail-slap the river rat, but do no damage.
The river rat bites you!
* * * LOW HITPOINT WARNING * * *
You sock the river rat!
The river rat is almost dead.
The river rat barely misses you.
You barely miss the river rat.
The river rat is almost dead.
The river rat bites you but does no damage.
You hit the river rat but do no damage.
The river rat is almost dead.
The river rat bites you.
You die...

#.#####'##############++
#_#)))'.'..##...........
#_#)))#.#?(##......#..#.
#######'#####............
#...........'............
#+#####)#####......#..#..
#...'.##............
#...#.#####'#####++#
#####@##.......#
+...#r##.......#
+.G.'.##.......#
########...<...#
#.......# #.......#
#.......# #########


You could see a river rat.

Vanquished Creatures
  An orc (D)
  A ball python (D)
  A giant cockroach (D)
3 creatures vanquished.

Notes
Turn   | Place    | Note
--------------------------------------------------------------
     0 | D        | PolkaDot, the Draconian Gladiator, began the quest for the Orb.
     0 | D        | Reached XP level 1. HP: 17/17 MP: 1/1
    24 | D        | Found a sacrificial altar of Ru.
    24 | D        | Found a basalt altar of Yredelemnul.
    24 | D        | Found a shadowy altar of Dithmenos.
    24 | D        | Found a deep blue altar of Sif Muna.
    24 | D        | Found a burning altar of Makhleb.
    24 | D        | Found a shimmering altar of Xom.
    24 | D        | Found an ancient bone altar of Kikubaaqudgha.
    24 | D        | Found a sparkling altar of Nemelex Xobeh.
    25 | D        | Found a glowing golden altar of the Shining One.
    25 | D        | Found a bloodstained altar of Trog.
    25 | D        | Found a shattered altar of Ashenzari.
    25 | D        | Found a white marble altar of Elyvilon.
    25 | D        | Found a snail-covered altar of Cheibriados.
    25 | D        | Found a blossoming altar of Fedhas.
    25 | D        | Found a radiant altar of Vehumet.
    25 | D        | Found a glowing silver altar of Zin.
    25 | D        | Found a corrupted altar of Lugonu.
    25 | D        | Found a viscous altar of Jiyva.
    25 | D        | Found a roughly hewn altar of Beogh.
    25 | D        | Found an iron altar of Okawaru.
    30 | D        | Found a stormy altar of Qazlal.
    30 | D        | Found an opulent altar of Gozag.
    35 | D        | Became a worshipper of Qazlal Stormbringer
    99 | D        | Slain by a river rat

Action                   || total
-------------------------++-------
Melee: Quarterstaff      ||    10
